 Dungeon Crawl Stone Soup version 0.27.1-33-g824d729ab1 (webtiles) character file.

Game seed: 7703112318206080033

228 Grabarz the Nimble (level 6, -7/55 HPs)
             Began as a Merfolk Chaos Knight on Dec 8, 2021.
             Was a Plaything of Xom.
             Splashed by a goblin's acid (13 damage)
             ... on level 3 of the Dungeon.
             The game lasted 00:14:30 (2706 turns).

Grabarz the Nimble (Merfolk Chaos Knight)           Turns: 2706, Time: 00:14:30

Health: -7/55      AC:  3    Str: 14    XL:     6   Next: 2%
Magic:  6/6        EV: 15    Int: 11    God:    Xom [...*..]
Gold:   130        SH:  0    Dex: 14    Spells: 5/5 levels left

rFire    . . .     SeeInvis .   a - +0 falchion (chaos)
rCold    . . .     Faith    .   (no shield)
rNeg     . . .     Spirit   .   b - +2 leather armour
rPois    .         Reflect  .   (no helmet)
rElec    .         Harm     .   l - +1 cloak
rCorr    .         Rampage  .   (no gloves)
Will     .....                  (no boots)
Stlth    +.........             (no amulet)
HPRegen  0.18/turn              (no ring)
MPRegen  0.10/turn              (no ring)

@: corroded
A: (nimble swimmer 2), mertail
a: Renounce Religion


You were on level 3 of the Dungeon.
You worshipped Xom.
You were a favourite toy of Xom.
You visited 1 branch of the dungeon, and saw 3 of its levels.

You collected 130 gold pieces.

Inventory:

Hand Weapons
 a - a +0 falchion of chaos (weapon)
Armour
 b - a +2 leather armour (worn)
 l - a +1 cloak (worn)
Wands
 j - a wand of iceblast (7)
Scrolls
 c - a scroll of amnesia {unknown}
 d - a scroll of blinking {unknown}
 k - a scroll of identify {unknown}
Potions
 e - a potion of degeneration {unknown}
 f - 3 potions of curing {unknown}
 g - a potion of attraction {unknown}
 h - a potion of resistance {unknown}
 i - a potion of flight {unknown}


   Skills:
 + Level 7.6 Fighting
 + Level 7.6 Long Blades
 + Level 4.4 Armour
 + Level 8.2 Dodging


You had 5 spell levels left.
You didn't know any spells.
Your spell library contained the following spells:

 Spells                   Type           Power      Damage    Failure   Level
 Passwall                 Tmut/Erth      0%         N/A       54%         2
 Sublimation of Blood     Necr           0%         N/A       54%         2
 Swiftness                Air            0%         N/A       78%         3
 Leda's Liquefaction      Hex/Erth       0%         N/A       99%         4
 Invisibility             Hex            0%         N/A       100%        6
 Simulacrum               Ice/Necr       0%         N/A       100%        6


Dungeon Overview and Level Annotations

Branches:
Dungeon (3/15)

Altars:

Annotations:
D:3 Sigmund


Innate Abilities, Weirdness & Mutations

((You are quick and stealthy near water. (Stealth+, EV+, Speed+++)))
Your lower body shifts to a powerful aquatic tail in water.


Message History

Xom gives a demonstration of destructive might.
The ogre is outlined in light.
Xom plays with reality for a moment.
A four-headed hydra appears.
Something barely misses your four-headed hydra.
Your four-headed hydra barely misses the ogre.
Your four-headed hydra bites the ogre!
Your four-headed hydra barely misses the ogre.
Your four-headed hydra bites the ogre!
What are your orders? t - Shout!
Orders for allies: a - Attack new target. r - Retreat! s - Stop attacking. g - Guard the area. f - Follow me.
Anything else - Cancel.
Gang up on whom?
Press: ? - help, Dir - move target, f - ogre
Aim: an ogre, wielding a +0 giant club (severely wounded, softly glowing, ally target) Attack!
The ogre hits your four-headed hydra with a +0 giant club!
Your four-headed hydra barely misses the ogre.
Your four-headed hydra bites the ogre!
The ogre dies!
You have reached level 6!
Your experience leads to an increase in your attributes!
Increase (S)trength, (I)ntelligence, or (D)exterity?
You feel stronger.
You start resting.
Your four-headed hydra disappears in a puff of smoke!
A goblin comes into view.
It is wielding a +0 dagger and carrying a wand of acid (10).
The goblin shouts!
You see here a +0 giant club.
The goblin zaps a wand.
The bolt of acid hits you! The acid corrodes you!
You are splashed with acid!
* * * LOW HITPOINT WARNING * * *
The goblin zaps a wand.
The bolt of acid hits you!
* * * LOW HITPOINT WARNING * * *
You are splashed with acid!
You die...
Xom snickers!

......#.#####.#.##.###.#.#.##....
...........................##.###
(#...##.#...#.#....###.#.####.# #
.#.#.....#..#.#..#####.#.# #.###
.......................#.# ##.#..
............#.#)###......# #.....
............#.#..........# #.....
...#........#...........## #.....
.##.....#..##...@.......# #.....
.##.....#..##...g.......# #.....
........................# #.....
#.#.#.#######.###.#.....# ##.#.#
......# #...#.####### #.#.#
#....## #.....# #.#.# ....#
#.....####### #...# #..#
##.#.###.......# #...# ..#
...............#####.)<#


You could see a goblin.

Vanquished Creatures
  Ijyb (D:3)
  3 adders
  3 gnolls (D:3)
  A dart slug (D:1)
  An endoplasm (D:3)
  2 giant cockroaches (D:1)
  11 goblins
  3 hobgoblins
  3 quokkas
  2 ball pythons
  3 bats
  A frilled lizard (D:2)
  6 kobolds
40 creatures vanquished.

Vanquished Creatures (collateral kills)
  An ogre (D:3)
1 creature vanquished.

Vanquished Creatures (others)
  3 fungi (D:2)
3 creatures vanquished.

Grand Total: 44 creatures vanquished

Notes
Turn   | Place    | Note
-------+----------+-------------------------------------------
     0 | D:1      | Grabarz the Merfolk Chaos Knight began the quest for the
                  | Orb.
     0 | D:1      | Reached XP level 1. HP: 18/18 MP: 1/1
    57 | D:1      | XOM: silly message
   138 | D:1      | Reached XP level 2. HP: 24/24 MP: 2/2
  1191 | D:2      | Found a faded altar of an unknown god.
  1317 | D:2      | Reached XP level 3. HP: 27/30 MP: 3/3
  1327 | D:2      | Got the Tome of Dusty Unholy Arts
  1559 | D:3      | Noticed Sigmund
  1573 | D:3      | XOM: silly message
  1575 | D:3      | XOM: potion effect (invisibility)
  1585 | D:3      | XOM: potion effect (might)
  1590 | D:3      | XOM: potion effect (heal wounds)
  1592 | D:3      | XOM: silly message
  1713 | D:3      | Reached skill level 1 in Armour
  1740 | D:3      | XOM: noise
  1746 | D:3      | Reached skill level 3 in Dodging
  1899 | D:3      | XOM: noise
  1917 | D:3      | Reached XP level 4. HP: 36/37 MP: 4/4
  2001 | D:3      | XOM: noise
  2020 | D:3      | Noticed Ijyb
  2036 | D:3      | XOM: potion effect (experience)
  2036 | D:3      | Reached skill level 8 in Dodging
  2036 | D:3      | Reached XP level 5. HP: 36/48 MP: 5/5
  2331 | D:3      | Killed Ijyb
  2661 | D:3      | Noticed an ogre
  2677 | D:3      | XOM: fake destruction
  2680 | D:3      | XOM: cast spell 'Summon Hydra'
  2684 | D:3      | Killed an ogre
  2685 | D:3      | Reached XP level 6. HP: 33/55 MP: 6/6
  2706 | D:3      | Splashed by a goblin's acid

Illustrated notes

Levels and vault maps discovered:
D:1:      lightli_arrival_isolated_outpost, layout_basic
D:2:      layout_basic, shapermc_ecumenical_altar_mp_urbaneastern
D:3:      layout_basic, hangedman_decor_opposing, minmay_ogre_servants,
          uniq_ijyb, uniq_sigmund

Skill      XL: |  1  2  3  4 |
---------------+-------------+-----
Fighting       | 4 7 |  7.6
Armour         | 1 4 |  4.4
Dodging        | 3 8 |  8.2
Long Blades    | 4 7 |  7.6

Action                   |  1- 3 |  4- 6 || total
-------------------------+-------+-------++-------
Melee: Falchion          |    81 |    33 ||   114
 Stab: Distracted        |     1 |       ||     1
Armor: Leather armour    |    26 |     9 ||    35
Dodge: Dodged            |    52 |    33 ||    85
       Rpst.: Falchion   |    14 |     6 ||    20
